Map: Frost LE

Players

Eren

  • Race: Terran Terran
  • League: Silver
  • Spawn Location: 1:00

Fropez - Winner!

  • Race: Protoss Protoss
  • League: Gold
  • Spawn Location: 7:00

VOD

Have the link to the VOD?

Description

Time

  • Played on: Nov. 15, 2016, 7:02 p.m.
  • Length: 16:12
Show
View Real Time Build Order
Export as new Build Order

Eren Terran 

Build Orders:  

Get SALT Encoding   

  12  0:15  Engineering Bay  
  12  0:18  SCV  
  13  0:29  Refinery  
  13  0:30  SCV  
  14  0:42  SCV  
  15  0:55  Supply Depot  
  15  1:17  SCV  
  16  1:29  SCV  
  17  1:35  Barracks  
  17  1:44  Refinery  
  17  1:49  Terran Infantry Weapons Level 1  
  17  2:02  SCV  
  18  2:14  SCV, Supply Depot  
  19  2:25  Barracks Tech Lab  
  19  2:26  SCV  
  20  2:38  SCV  
  21  2:45  Factory  
  21  2:50  SCV  
  22  2:55  Marine  
  23  3:13  Marine  
  23  3:16  Bunker  
  24  3:31  Marine  
  22  3:46  Missile Turret  
  20  3:49  Marine  
  19  4:16  Factory Tech Lab  
  19  4:18  Terran Infantry Armor Level 1  
  19  4:19  Marine  
  20  4:26  Combat Shields  
  20  4:34  Planetary Fortress  
  20  4:36  Siege Tank  
  20  4:37  Marine  
  24  4:44  Supply Depot  
  22  4:55  Marine  
  17  5:24  Siege Tank  
  20  5:28  Marine  
  21  5:46  Marine  
  22  5:52  SCV  
  22  5:56  Siege Tank  
  26  6:04  Marine, SCV  
  28  6:22  Marine  
  29  6:28  Siege Tank  
  32  6:38  Supply Depot  
  32  6:39  Marine  
  33  6:57  Marine  
  34  7:14  Bunker  
  34  7:23  SCV  
  35  7:35  SCV  
  36  7:47  SCV  
  37  7:56  Siege Tank  
  40  8:00  SCV  
  40  8:01  Reaper  
  42  8:05  Concussive Shells  
  42  8:52  Reaper  
  43  8:59  Missile Turret  
  43  9:30  Command Center  
  43  9:44  Starport, Cyclone  
  47  9:55  Supply Depot  
  27  11:51  SCV  
  26  12:03  SCV  
  27  12:15  SCV  
  28  12:17  Marine  
  29  12:27  SCV  
  30  12:35  Marine  
  31  12:39  SCV  
  31  12:42  Command Center  
  32  12:53  Marine  
  33  13:09  Cyclone  
  33  13:11  Marine  
  38  13:28  Marine  
  39  13:41  Mag-Field Accelerator, Cyclone  
  43  13:46  Marine  
  44  14:04  Marine  
  44  14:09  SCV  
  46  14:12  Widow Mine  
  48  14:21  SCV  
  48  14:22  Marine  
  50  14:33  SCV  
  51  14:39  Armory  
  51  14:40  Marine  
Show
View Real Time Build Order
Export as new Build Order

Fropez Protoss - Winner!

Build Orders:  

Get SALT Encoding   

  12  0:01  Probe (Chrono Boost)  
  13  0:14  Pylon  
  13  0:17  Probe (Chrono Boost)  
  14  0:29  Probe (Chrono Boost)  
  15  0:36  Gateway  
  15  0:39  Probe (Chrono Boost)  
  16  0:50  Probe (Chrono Boost), Assimilator  
  17  1:00  Probe (Chrono Boost)  
  18  1:10  Assimilator  
  19  1:11  Probe (Chrono Boost)  
  19  1:19  Gateway  
  19  1:22  Probe (Chrono Boost)  
  20  1:27  Cybernetics Core  
  20  1:32  Probe (Chrono Boost)  
  21  1:45  Probe (Chrono Boost)  
  22  1:55  Forge  
  22  1:56  Pylon  
  22  2:03  Warp Gate (Chrono Boost)  
  22  2:14  Mothership Core  
  22  2:15  Adept  
  26  2:18  Adept  
  28  2:29  Pylon  
  28  2:35  Probe  
  29  2:42  Pylon  
  29  2:47  Probe  
  30  2:59  Probe  
  31  3:07  Protoss Ground Weapons Level 1 (Chrono Boost)  
  31  3:10  Adept  
  31  3:11  Probe  
  34  3:12  Pylon  
  34  3:16  Adept  
  36  3:23  Probe  
  35  4:03  Probe  
  35  4:06  Adept x2, Nexus  
  35  4:08  Pylon  
  38  4:26  Twilight Council, Pylon, Probe  
  39  4:32  Adept  
  39  4:35  Pylon  
  39  4:37  Adept  
  44  4:38  Probe  
  34  5:21  Probe  
  34  5:22  Probe  
  36  5:33  Probe  
  37  5:35  Assimilator  
  37  5:38  Assimilator  
  37  5:39  Pylon  
  37  5:40  Pylon  
  37  5:43  Resonating Glaives (Chrono Boost)  
  37  5:45  Gateway  
  37  5:46  Protoss Ground Armor Level 1  
  37  5:47  Gateway  
  37  5:51  Gateway  
  37  5:52  Adept, Gateway  
  37  5:54  Probe  
  40  5:57  Probe  
  41  6:06  Probe  
  41  6:08  Adept, Probe  
  45  6:17  Robotics Facility  
  45  6:19  Pylon, Probe  
  45  6:22  Stalker  
  48  6:28  Probe  
  48  6:32  Adept  
  51  6:34  Probe  
  51  6:39  Probe  
  52  6:41  Assimilator  
  53  6:48  Photon Cannon  
  53  6:49  Pylon  
  53  6:51  Probe  
  53  6:52  Probe  
  55  7:04  Adept x2  
  55  7:05  Adept x2  
  63  7:16  Observer  
  64  7:26  Adept x4  
  72  7:32  Probe  
  72  7:33  Probe  
  74  7:42  Templar Archives  
  74  7:43  Probe  
  74  7:49  Probe  
  76  7:58  Nexus  
  76  8:00  Pylon  
  76  8:06  Probe  
  76  8:07  Probe  
  78  8:19  Probe  
  78  8:20  Probe  
  78  8:26  Gateway  
  80  8:28  Adept x4  
  80  8:29  Adept  
  80  8:30  Probe  
  80  8:33  Probe  
  92  8:44  Blink (Chrono Boost), Protoss Ground Weapons Level 2 (Chrono Boost)  
  92  8:50  Immortal  
  96  9:17  Assimilator  
  96  9:20  Assimilator  
  96  9:22  Adept x5  
  96  9:23  Adept  
  108  9:24  Gateway  
  108  9:26  Photon Cannon  
  108  9:29  Probe  
  109  9:35  Probe  
  109  9:36  Pylon  
  110  9:57  Nexus  
  110  10:00  High Templar  
  110  10:01  High Templar x4, Assimilator  
  110  10:04  Archon, Assimilator  
  110  10:05  Pylon, Archon  
  120  10:10  High Templar  
  120  10:13  Warp Prism  
  124  10:31  Probe  
  124  10:32  Probe  
  124  10:33  Probe  
  127  10:36  Zealot x2  
  127  10:37  Zealot x5  
  141  10:46  Protoss Shields Level 1  
  127  11:35  High Templar x4  
  127  11:36  High Templar x3, Probe x2  
  127  11:37  Probe  
  127  11:38  Probe  
  125  11:50  Archon x2  
  125  11:51  Archon  
  117  12:02  Probe  
  117  12:03  Probe  
  117  12:04  Probe  
  117  12:07  Pylon, Archon  
  120  12:09  Zealot x5  
  120  12:10  Zealot x2  
  120  12:13  Probe x2  
  120  12:14  Probe  
  134  12:16  Pylon  
  135  12:35  Zealot x5  
  135  12:36  Zealot x3  
  151  12:40  Photon Cannon  
  151  12:43  Pylon  
  151  12:44  Nexus  
  151  12:46  Assimilator  
  151  12:47  Photon Cannon  
  151  12:50  Assimilator  
  151  12:51  Gateway  
  151  12:53  Pylon  
  151  12:54  Pylon  
  151  12:56  Pylon  
  151  13:00  Pylon  
  151  13:12  High Templar x5  
  161  13:13  High Templar x3  
  161  13:16  Archon  
  167  13:24  Archon x2  
  167  13:25  Archon  
  167  13:35  Gateway x2  
  167  13:36  Pylon  
  167  13:37  Gateway  
  167  13:39  Probe, Gateway  
  167  13:41  Probe, Gateway  
  169  13:42  Photon Cannon  
  169  13:54  Warp Prism  
  171  14:10  Probe x3  
  171  14:11  Probe  
  171  14:12  Probe  
  176  14:23  Photon Cannon  
  176  14:26  Photon Cannon  
  176  14:29  Zealot x7  
  176  14:30  Gateway, Zealot x2  
  194  14:31  Gateway  
  194  14:35  Gateway  
  194  14:37  Gateway  
  194  14:40  Gateway  
  194  14:50  Warp Prism  
  196  15:00  Stalker x2  
  196  15:01  Stalker  
Tags
 
Matchup
PvT
Replay Pack
All Mines
Spawn Locations
Cross Positions
Add a new tag
Caveats
  • Supply blocks, unpowered buildings, or Contaminate may cause inaccurate times.
  • Supply counts are checked every 10 seconds.